NYP
CONNECTICUT TIGERS @ EVERETT AQUASOX
06/10/2048
 
TOP OF THE 1ST
Connecticut Tigers batting - Pitching for Everett AquaSox : RHP Kevin Stodart
Pitching: RHP Kevin Stodart
Batting: RHB Janne Vihko 0-0: Called Strike
0-1: Swinging Strike
0-2: Ball
1-2: Ground out 2-3 (Groundball, 15S, EV 67.5 MPH)
Batting: RHB Khalil Coleman 0-0: Ball
1-0: Swinging Strike
1-1: Ball
2-1: Ball
3-1: Swinging Strike
3-2: Foul Ball, location: 2F
3-2: Base on Balls
Batting: RHB Jaden Warrior 0-0: Ball
1-0: Ball
2-0: Ball
3-0: Base on Balls
Khalil Coleman to second
Batting: LHB Afanasy Zasekin 0-0: Foul Ball, location: 2F
0-1: Foul Ball, location: 2F
0-2: Ball
1-2: Foul Ball, location: 2F
1-2: Grounds into double play, 4-6-3 (Groundball, 4, EV 81.2 MPH)
Top of the 1st over - 0 runs, 0 hits, 0 errors, 1 left on base; Connecticut 0 - Everett 0
BOTTOM OF THE 1ST
Everett AquaSox batting - Pitching for Connecticut Tigers : RHP Chris Wilkerson
Pitching: RHP Chris Wilkerson
Batting: SHB Tony Morales 0-0: Ground out 6-3 (Groundball, 6, EV 89.4 MPH)
Batting: RHB Jwahir Pili 0-0: Ball
1-0: Foul Ball, location: 2F
1-1: Ground out 5-3 (Groundball, 5, EV 78.8 MPH)
Batting: RHB Marco Diaz 0-0: Swinging Strike
0-1: Ball
1-1: DOUBLE (Groundball, 5L, EV 104.4 MPH)
Batting: LHB Chris Jackson 0-0: Ball
1-0: Ball
2-0: Ground out 6-3 (Groundball, 6, EV 86.2 MPH)
Bottom of the 1st over - 0 runs, 1 hit, 0 errors, 1 left on base; Connecticut 0 - Everett 0
TOP OF THE 2ND
Connecticut Tigers batting - Pitching for Everett AquaSox : RHP Kevin Stodart
Batting: RHB Jeremiah Washington 0-0: Ball
1-0: Ball
2-0: Called Strike
2-1: Called Strike
2-2: Fly out, F8 (Flyball, 89M, EV 91.9 MPH)
Batting: RHB Juan Acero 0-0: Foul Ball, location: 2F
0-1: Ball
1-1: Foul Ball, location: 2F
1-2: Ball
2-2: SOLO HOME RUN (Flyball, 78XD, EV 105.0 MPH), Distance : 416 ft
Batting: SHB Ian Arlotta 0-0: Ball
1-0: Ball
2-0: Called Strike
2-1: Ball
3-1: Base on Balls
Batting: RHB Kaleb Yerger 0-0: Ball
1-0: Called Strike
1-1: Ball
2-1: Ball
3-1: Foul Ball, location: 2F
3-2: Fly out, F8 (Line Drive, 8RM, EV 105.0 MPH)
Batting: RHB Yankel Pensak 0-0: Ball
Pickoff Throw to First - Out! 1-3
Top of the 2nd over - 1 run, 1 hit, 0 errors, 0 left on base; Connecticut 1 - Everett 0
BOTTOM OF THE 2ND
Everett AquaSox batting - Pitching for Connecticut Tigers : RHP Chris Wilkerson
Batting: RHB Matt Fenimore 0-0: Ground out 6-3 (Groundball, 6, EV 98.8 MPH)
Batting: LHB William Gonzales 0-0: Ground out 4-3 (Groundball, 4, EV 90.6 MPH)
Batting: RHB Jose Zuniga 0-0: Ball
1-0: Ball
2-0: Foul Ball, location: 2F
2-1: Ground out U3 (Groundball, 3, EV 91.9 MPH)
Bottom of the 2nd over - 0 runs, 0 hits, 0 errors, 0 left on base; Connecticut 1 - Everett 0
TOP OF THE 3RD
Connecticut Tigers batting - Pitching for Everett AquaSox : RHP Kevin Stodart
Batting: RHB Yankel Pensak 0-0: Foul Ball, location: 2F
0-1: Swinging Strike
0-2: Ball
1-2: Ground out U3 (Groundball, 34, EV 90.0 MPH)
Batting: RHB Janne Vihko 0-0: Ball
1-0: Swinging Strike
1-1: Ball
2-1: Ground out 5-3 (Groundball, 5, EV 80.6 MPH)
Batting: RHB Khalil Coleman 0-0: Called Strike
0-1: Called Strike
0-2: Ball
1-2: Ball
2-2: Foul Ball, location: 2F
2-2: Ball
3-2: Base on Balls
Batting: RHB Jaden Warrior 0-0: Called Strike
0-1: Swinging Strike
0-2: Foul Ball, location: 2F
0-2: Strikes out swinging
Top of the 3rd over - 0 runs, 0 hits, 0 errors, 1 left on base; Connecticut 1 - Everett 0
BOTTOM OF THE 3RD
Everett AquaSox batting - Pitching for Connecticut Tigers : RHP Chris Wilkerson
Batting: RHB Omar Solis 0-0: Called Strike
0-1: Fly out, F4 (Line Drive, 6M, EV 68.1 MPH)
Batting: RHB James Bickel 0-0: Ball
1-0: Ground out 5-3 (Groundball, 5, EV 82.5 MPH)
Batting: SHB Tony Morales 0-0: Ball
1-0: Called Strike
1-1: Foul Ball, location: 2F
1-2: Strikes out swinging
Bottom of the 3rd over - 0 runs, 0 hits, 0 errors, 0 left on base; Connecticut 1 - Everett 0
TOP OF THE 4TH
Connecticut Tigers batting - Pitching for Everett AquaSox : RHP Kevin Stodart
Batting: LHB Afanasy Zasekin 0-0: Swinging Strike
0-1: Ball
1-1: Ground out 6-3 (Groundball, 6D, EV 99.4 MPH)
Batting: RHB Jeremiah Washington 0-0: Fly out, F8 (Flyball, 78S, EV 76.9 MPH)
Batting: RHB Juan Acero 0-0: Ball
1-0: Ball
2-0: Foul Ball, location: 2F
2-1: Ground out 5-3 (Groundball, 56, EV 83.1 MPH)
Top of the 4th over - 0 runs, 0 hits, 0 errors, 0 left on base; Connecticut 1 - Everett 0
BOTTOM OF THE 4TH
Everett AquaSox batting - Pitching for Connecticut Tigers : RHP Chris Wilkerson
Batting: RHB Jwahir Pili 0-0: Ground out 6-3 (Groundball, 6S, EV 64.4 MPH)
Batting: RHB Marco Diaz 0-0: Ball
1-0: Ball
2-0: Swinging Strike
2-1: Ball
3-1: Foul Ball, location: 2F
3-2: Base on Balls
Batting: LHB Chris Jackson 0-0: Ball
1-0: Ball
2-0: Called Strike
2-1: Ball
3-1: Fly out, F7 (Line Drive, 78D, EV 88.8 MPH)
Batting: RHB Matt Fenimore 0-0: Ball
1-0: Ball
Wild Pitch!
Marco Diaz to second
2-0: Called Strike
2-1: Foul Ball, location: 2F
2-2: Strikes out swinging
Bottom of the 4th over - 0 runs, 0 hits, 0 errors, 1 left on base; Connecticut 1 - Everett 0
TOP OF THE 5TH
Connecticut Tigers batting - Pitching for Everett AquaSox : RHP Kevin Stodart
Batting: SHB Ian Arlotta 0-0: Called Strike
0-1: Called Strike
0-2: Ball
1-2: Ball
2-2: Ball
3-2: Foul Ball, location: 2F
3-2: Foul Ball, location: 2F
3-2: Base on Balls
Pitching: RHP Jim Tremel
Batting: RHB Kaleb Yerger 0-0: Ball
1-0: Fly out, F5 (Line Drive, 56, EV 68.8 MPH)
Batting: RHB Yankel Pensak 0-0: SINGLE (Groundball, 56, EV 103.1 MPH) (infield hit)
Ian Arlotta to second
Batting: RHB Janne Vihko 0-0: Called Strike
0-1: Ball
1-1: Ball
Wild Pitch!
Ian Arlotta to third
Yankel Pensak to second
2-1: Ball
Wild Pitch!
Ian Arlotta scores
Yankel Pensak to third
3-1: Called Strike
3-2: Ground out 6-3 (Groundball, 6, EV 88.8 MPH)
Yankel Pensak scores
Batting: RHB Khalil Coleman 0-0: Ball
1-0: Foul Ball, location: 2F
1-1: Ball
2-1: Ball
3-1: Foul Ball, location: 2F
3-2: Foul Ball, location: 2F
3-2: SOLO HOME RUN (Flyball, 78XD, EV 106.9 MPH), Distance : 403 ft
Batting: RHB Jaden Warrior 0-0: Swinging Strike
0-1: Ball
1-1: Ball
2-1: Foul Ball, location: 2F
2-2: Strikes out swinging
Top of the 5th over - 3 runs, 2 hits, 0 errors, 0 left on base; Connecticut 4 - Everett 0
BOTTOM OF THE 5TH
Everett AquaSox batting - Pitching for Connecticut Tigers : RHP Chris Wilkerson
Batting: LHB William Gonzales 0-0: Called Strike
0-1: Foul Ball, location: 2F
0-2: Ball
1-2: Ball
2-2: Ball
3-2: Foul Ball, location: 2F
3-2: Foul Ball, location: 2F
3-2: Foul Ball, location: 2F
3-2: DOUBLE (Line Drive, 78D, EV 110.6 MPH)
Batting: RHB Jose Zuniga 0-0: Ball
1-0: Ball
2-0: Ball
3-0: Called Strike
3-1: Foul Ball, location: 2F
3-2: Base on Balls
Batting: RHB Omar Solis 0-0: Ball
1-0: Called Strike
1-1: Fly out, F8 (Line Drive, 8RM, EV 94.4 MPH)
Batting: RHB James Bickel 0-0: Ball
1-0: Foul Ball, location: 2F
1-1: Ball
2-1: Ball
3-1: Base on Balls
William Gonzales to third
Jose Zuniga to second
Batting: SHB Tony Morales 0-0: Ball
1-0: Hit by Pitch
William Gonzales scores
Jose Zuniga to third
James Bickel to second
Batting: RHB Jwahir Pili 0-0: Called Strike
0-1: Called Strike
0-2: Ball
1-2: Ball
2-2: Strikes out swinging
Batting: RHB Marco Diaz 0-0: Called Strike
0-1: Foul Ball, location: 2F
0-2: Ball
1-2: Ball
2-2: Ball
3-2: Base on Balls
Jose Zuniga scores
James Bickel to third
Tony Morales to second
Batting: LHB Chris Jackson 0-0: Ball
1-0: Fielders Choice at 2nd, 5-4 (Groundball, 56, EV 85.6 MPH)
Bottom of the 5th over - 2 runs, 1 hit, 0 errors, 3 left on base; Connecticut 4 - Everett 2
TOP OF THE 6TH
Connecticut Tigers batting - Pitching for Everett AquaSox : RHP Jim Tremel
Batting: LHB Afanasy Zasekin 0-0: Ball
1-0: Called Strike
1-1: Ground out 4-3 (Groundball, 4M, EV 85.0 MPH)
Batting: RHB Jeremiah Washington 0-0: Ball
1-0: Ball
2-0: Foul Ball, location: 2F
2-1: Foul Ball, location: 2F
2-2: Foul Ball, location: 2F
2-2: Ball
3-2: Base on Balls
Pitching: LHP Chris Wheeler
Batting: RHB Juan Acero 0-0: Foul Ball, location: 2F
0-1: Ball
1-1: Foul Ball, location: 2F
1-2: Fly out, F8 (Line Drive, 89D, EV 100.0 MPH)
Batting: SHB Ian Arlotta 0-0: Foul Ball, location: 2F
0-1: Called Strike
0-2: Ball
1-2: SINGLE (Groundball, 6MD, EV 100.0 MPH)
Jeremiah Washington to second
Batting: RHB Kaleb Yerger 0-0: Ball
1-0: Ball
2-0: Ball
3-0: Base on Balls
Jeremiah Washington to third
Ian Arlotta to second
Batting: RHB Yankel Pensak 0-0: Ball
1-0: Fly out, F9 (Flyball, 9S, EV 79.4 MPH)
Top of the 6th over - 0 runs, 1 hit, 0 errors, 3 left on base; Connecticut 4 - Everett 2
BOTTOM OF THE 6TH
Everett AquaSox batting - Pitching for Connecticut Tigers : RHP Chris Wilkerson
Batting: RHB Matt Fenimore 0-0: Ball
1-0: Ground out 6-3 (Groundball, 6D, EV 102.5 MPH)
Batting: LHB William Gonzales 0-0: Called Strike
0-1: Foul Ball, location: 2F
0-2: Foul Ball, location: 2F
0-2: Ball
1-2: Strikes out looking
Batting: RHB Jose Zuniga 0-0: Foul Ball, location: 2F
0-1: Ball
1-1: Ground out 6-3 (Groundball, 6, EV 85.0 MPH)
Bottom of the 6th over - 0 runs, 0 hits, 0 errors, 0 left on base; Connecticut 4 - Everett 2
TOP OF THE 7TH
Connecticut Tigers batting - Pitching for Everett AquaSox : LHP Chris Wheeler
Batting: RHB Janne Vihko 0-0: Ground out 6-3 (Groundball, 6, EV 103.1 MPH)
Batting: RHB Khalil Coleman 0-0: Called Strike
0-1: Swinging Strike
0-2: Ball
1-2: Ball
2-2: Foul Ball, location: 2F
2-2: Ball
3-2: Base on Balls
Batting: RHB Jaden Warrior 0-0: Called Strike
0-1: Swinging Strike
0-2: Ball
1-2: Ball
2-2: Ball
3-2: Foul Ball, location: 2F
3-2: Base on Balls
Khalil Coleman to second
Pitching: RHP Dan Johnson
Batting: LHB Afanasy Zasekin 0-0: Foul Ball, location: 2F
0-1: SINGLE (Groundball, 34D, EV 101.2 MPH)
Khalil Coleman to third
Jaden Warrior to second
Batting: RHB Jeremiah Washington 0-0: SINGLE (Groundball, 6D, EV 107.5 MPH)
Khalil Coleman scores
Jaden Warrior to third
Afanasy Zasekin to second
Batting: RHB Juan Acero 0-0: Called Strike
0-1: Ball
1-1: Ball
2-1: Ball
3-1: Foul Ball, location: 2F
3-2: Strikes out swinging
Batting: SHB Ian Arlotta 0-0: Foul Ball, location: 2F
0-1: Ball
1-1: Foul Ball, location: 2F
1-2: Ball
2-2: Ball
3-2: Base on Balls
Jaden Warrior scores
Afanasy Zasekin to third
Jeremiah Washington to second
Batting: RHB Kaleb Yerger 0-0: Ball
1-0: Called Strike
1-1: Ball
2-1: Fielders Choice at 2nd, U6 (Groundball, 6M, EV 78.1 MPH)
Top of the 7th over - 2 runs, 2 hits, 0 errors, 3 left on base; Connecticut 6 - Everett 2
BOTTOM OF THE 7TH
Everett AquaSox batting - Pitching for Connecticut Tigers : RHP Chris Wilkerson
Pitching: RHP Larry Mathieu
Batting: RHB Omar Solis 0-0: Fly out, F7 (Line Drive, 78M, EV 95.6 MPH)
Batting: RHB James Bickel 0-0: Called Strike
0-1: Foul Ball, location: 2F
0-2: Strikes out swinging
Batting: SHB Tony Morales 0-0: Called Strike
0-1: Ball
1-1: Foul Ball, location: 2F
1-2: Foul Ball, location: 2F
1-2: Foul Ball, location: 2F
1-2: Ball
2-2: Strikes out swinging
Bottom of the 7th over - 0 runs, 0 hits, 0 errors, 0 left on base; Connecticut 6 - Everett 2
TOP OF THE 8TH
Connecticut Tigers batting - Pitching for Everett AquaSox : RHP Dan Johnson
Batting: RHB Yankel Pensak 0-0: Called Strike
0-1: Swinging Strike
0-2: Ball
1-2: Strikes out looking
Batting: RHB Janne Vihko 0-0: Swinging Strike
0-1: Ball
1-1: Ball
2-1: Foul Ball, location: 2F
2-2: Ball
3-2: SINGLE (Groundball, 6M, EV 105.0 MPH) (infield hit)
Batting: RHB Khalil Coleman 0-0: Called Strike
0-1: Ball
1-1: Ball
2-1: Foul Ball, location: 2F
2-2: Grounds into double play, 6-4-3 (Groundball, 56D, EV 106.9 MPH)
Top of the 8th over - 0 runs, 1 hit, 0 errors, 0 left on base; Connecticut 6 - Everett 2
BOTTOM OF THE 8TH
Everett AquaSox batting - Pitching for Connecticut Tigers : RHP Larry Mathieu
Batting: RHB Jwahir Pili 0-0: Called Strike
0-1: Called Strike
0-2: Ball
1-2: Strikes out swinging
Batting: RHB Marco Diaz 0-0: Ball
1-0: DOUBLE (Line Drive, 7LM, EV 106.2 MPH)
Batting: LHB Chris Jackson 0-0: Called Strike
0-1: Called Strike
0-2: Ball
1-2: Ball
2-2: Ball
3-2: Strikes out looking
Batting: RHB Matt Fenimore 0-0: Called Strike
0-1: Foul Ball, location: 2F
0-2: Strikes out swinging
Bottom of the 8th over - 0 runs, 1 hit, 0 errors, 1 left on base; Connecticut 6 - Everett 2
TOP OF THE 9TH
Connecticut Tigers batting - Pitching for Everett AquaSox : RHP Dan Johnson
Batting: RHB Jaden Warrior 0-0: Called Strike
0-1: Fly out, F8 (Flyball, 8RM, EV 92.5 MPH)
Batting: LHB Afanasy Zasekin 0-0: Ball
1-0: Called Strike
1-1: Swinging Strike
1-2: Strikes out looking
Batting: RHB Jeremiah Washington 0-0: Fly out, F7 (Line Drive, 78D, EV 90.0 MPH)
Top of the 9th over - 0 runs, 0 hits, 0 errors, 0 left on base; Connecticut 6 - Everett 2
BOTTOM OF THE 9TH
Everett AquaSox batting - Pitching for Connecticut Tigers : RHP Larry Mathieu
Pitching: RHP Juan Murillo
Now at 1B: Tony Nunez
Batting: LHB William Gonzales 0-0: Ball
1-0: Ball
2-0: Ball
3-0: Called Strike
3-1: Foul Ball, location: 2F
3-2: Base on Balls
Batting: RHB Jose Zuniga 0-0: Ball
1-0: Ball
2-0: Ball
3-0: Called Strike
3-1: Base on Balls
William Gonzales to second
Pitching: LHP Victor Villarreal
Batting: RHB Omar Solis 0-0: Ball
1-0: Foul Ball, location: 2F
1-1: Ball
2-1: DOUBLE (Line Drive, 89D, EV 102.5 MPH)
William Gonzales scores
Jose Zuniga to third
Pinch Hitting: RHB Tai Joo 0-0: Ball
1-0: Ball
2-0: Ball
3-0: Ground out 4-3 (Groundball, 4, EV 87.5 MPH)
Jose Zuniga scores
Omar Solis to third
Batting: SHB Tony Morales 0-0: Ball
1-0: Swinging Strike
1-1: Foul Ball, location: 2F
1-2: Ball
2-2: Ball
3-2: Strikes out swinging
Batting: RHB Jwahir Pili 0-0: Ball
1-0: DOUBLE (Line Drive, 89D, EV 105.6 MPH)
Omar Solis scores
Batting: RHB Marco Diaz 0-0: Ball
1-0: Ball
2-0: Called Strike
2-1: Foul Ball, location: 2F
2-2: Fly out, F7 (Flyball, 7, EV 83.1 MPH)
Bottom of the 9th over - 3 runs, 2 hits, 0 errors, 1 left on base; Connecticut 6 - Everett 5
Tuesday, March 28th , 2023 - OOTP Baseball 23.10 Build 110